 Dungeon Crawl Stone Soup version 0.23.2-1-ga50397a6bc (webtiles) character file.

Game seed: 15445772669185903533

1454464 Artagas the Impregnable (level 27, 176/176 HPs)
             Began as a Tengu Wanderer on Apr 21, 2019.
             Was an Initiate of Gozag.
             Escaped with the Orb
             ... and 3 runes on Apr 30, 2019!
             The game lasted 06:47:11 (94390 turns).

Artagas the Impregnable (Tengu Wanderer)           Turns: 94390, Time: 06:47:12

Health: 176/176    AC: 55    Str: 28    XL:     27
Magic:  29/29      EV: 32    Int: 18    God:    Gozag
Gold:   4213       SH: 21    Dex: 18    Spells: 26/30 levels left

rFire    + + .     SeeInvis .   I - +9 double sword (slice)
rCold    + . .     Gourm    .   u - +4 shield "Cyxtuum" {rPois rF+ Int+4}
rNeg     + . .     Faith    .   o - +13 crystal plate armour of Divine Compulsion {rCorr Str+4}
rPois    +         Spirit   +   R - +2 hat {Int+3}
rElec    .         Reflect  .   b - +1 cloak of Xom's Vengeance {rC+ rN+ Int+3}
rCorr    +         Harm     .   G - +3 pair of gauntlets of War {Slay+5}
MR       +++..     Rnd*Tele +   (boots unavailable)
Stlth    ..........             c - amulet of guardian spirit
HPRegen  0.39/turn              U - ring of Phasing {EV+8}
MPRegen  0.21/turn              m - ring of protection from magic

@: flying quickly and evasively, quick
A: beak, talons 3, yellow scales 1, blink, dopey 2, fire resistance 1, low mp 2,
strong 1, teleportitis 1, evolution 1, MP-powered wands, able to fly
0: Orb of Zot
}: 3/15 runes: decaying, slimy, gossamer
a: Stop Flying, Blink, Potion Petition, Call Merchant, Bribe Branch, Renounce
Religion


You escaped.
You worshipped Gozag.
Gozag was most pleased with you.
You were not hungry.

You visited 10 branches of the dungeon, and saw 53 of its levels.
You visited the Abyss 1 time.
You also visited: Sewer, Bailey and Ice Cave.

You collected 27499 gold pieces.
You spent 13231 gold pieces at shops.
You paid 10055 gold pieces to Gozag.

Inventory:

Hand Weapons
 i - a +4 scimitar of flaming
   (You took it off an efreet on level 15 of the Dungeon)
 p - the +8 demon blade "Bloodbane" {slice, *Rage +Rage Stlth-}
   (You took it off a deep elf sorcerer on level 3 of the Elven Halls)

   It inflicts extra damage upon your enemies.
   It lets you go berserk.
   It may make you go berserk in combat.
   It makes you less stealthy.
 I - a +9 double sword of slicing (weapon)
   (You acquired it on level 4 of the Spider Nest)
Missiles
 F - 9 throwing nets (quivered)
Armour
 b - the +1 cloak of Xom's Vengeance (worn) {rC+ rN+ Int+3}
   (You bought it in a shop on level 4 of the Vaults)

   It affects your intelligence (+3).
   It protects you from cold.
   It protects you from negative energy.
 o - the +13 crystal plate armour of Divine Compulsion (worn) {rCorr Str+4}
   (You bought it in a shop on level 1 of the Realm of Zot)

   It affects your strength (+4).
   It provides partial protection from all sources of acid and corrosion.
 u - the +4 shield "Cyxtuum" (worn) {rPois rF+ Int+4}
   (You found it on level 3 of the Elven Halls)

   It affects your intelligence (+4).
   It protects you from fire.
   It protects you from poison.
 G - the +3 pair of gauntlets of War (worn) {Slay+5}
   (You found it on level 3 of the Elven Halls)

   It affects your accuracy and damage with ranged weapons and melee attacks
   (+5).
 R - a +2 hat of intelligence (worn)
   (You took it off Gastronok on level 11 of the Dungeon)
 S - the +6 plate armour of Oblivion {Str+2}
   (You bought it in a shop on level 4 of the Vaults)

   It affects your strength (+2).
Jewellery
 c - an amulet of guardian spirit (around neck)
   (You found it on level 3 of the Swamp)
 f - an uncursed ring of protection from fire
   (You found it on level 4 of the Dungeon)
 m - a ring of protection from magic (right hand)
   (You took it off a fire giant on level 2 of the Depths)
 x - an uncursed ring of protection from magic
   (You found it on level 5 of the Abyss)
 U - the ring of Phasing (left hand) {EV+8}
   (You found it on level 5 of the Pits of Slime)

   [ring of evasion]

   It affects your evasion (+8).
Wands
 g - a wand of acid (3)
   (You took it off a deep elf mage on level 3 of the Elven Halls)
 k - a wand of scattershot (2)
   (You found it on level 5 of the Pits of Slime)
 v - a wand of digging (14)
   (You bought it in a shop on level 2 of the Orcish Mines)
 A - a wand of iceblast (24)
   (You took it off Ijyb on level 3 of the Dungeon)
 P - a wand of enslavement (17)
   (You found it on level 4 of the Vaults)
 T - a wand of clouds (4)
   (You took it off a kobold in a bailey)
Scrolls
 j - 5 scrolls of enchant armour
 l - 4 scrolls of fear
 r - 21 scrolls of identify
 t - 15 scrolls of teleportation
 y - 3 scrolls of silence
 z - 4 scrolls of blinking
 B - 4 scrolls of immolation
 J - 2 scrolls of magic mapping
 M - 3 scrolls of holy word
 O - a scroll of fog
 Q - 4 scrolls of vulnerability
 V - 20 scrolls of remove curse
Potions
 d - 3 potions of might
 h - 2 potions of haste
 n - a potion of resistance
 q - 16 potions of curing
 s - 7 potions of agility
 w - 3 potions of heal wounds
 E - 3 potions of cancellation
 H - 5 potions of magic
 K - 4 potions of invisibility
 X - 11 potions of brilliance
 Z - 2 potions of ambrosia
Miscellaneous
 a - 4 boxes of beasts
 C - a fan of gales
   (You found it on level 4 of the Depths)
 D - a lightning rod (4/4)
   (You found it on level 3 of the Elven Halls)
 L - a sack of spiders
 N - a lamp of fire
   (You found it on level 15 of the Dungeon)
Comestibles
 e - 14 rations


   Skills:
 - Level 19.0 Fighting
   Level 4.4(11.4) Short Blades
 - Level 15.7(16.0) Long Blades
   Level 2.1 Staves
 - Level 1.0 Throwing
 + Level 25.1 Armour
 - Level 22.0 Dodging
 - Level 5.1 Stealth
 - Level 19.0 Shields
 - Level 2.0 Spellcasting
 - Level 2.0 Hexes
 - Level 16.0 Evocations


You had 26 spell levels left.
You knew the following spells:

 Your Spells              Type           Power        Failure   Level  Hunger
a - Corona                Hex            #......      50%         1    #......
b - Confusing Touch       Hex            #.....       50%         1    #......
e - Blink                 Tloc           N/A          88%         2    ###....

Your spell library contained the following spells:

 Spells                   Type           Power        Failure   Level  Hunger
 Slow                     Hex            #.......     63%         2    ###....
 Animate Skeleton         Necr           N/A          77%         1    #......
 Apportation              Tloc           #.....       77%         1    #......
 Freeze                   Ice            #...         77%         1    #......
 Magic Dart               Conj           #...         77%         1    #......
 Pain                     Necr           #...         77%         1    #......
 Summon Butterflies       Summ           #.......     77%         1    #......
 Summon Small Mammal      Summ           #...         77%         1    #......
 Confuse                  Hex            #.......     86%         3    ###....
 Tukima's Dance           Hex            #.......     86%         3    ###....
 Call Imp                 Summ           #.......     88%         2    ###....
 Corpse Rot               Necr           N/A          88%         2    ###....
 Shroud of Golubria       Chrm/Tloc      #.........   88%         2    ###....
 Song of Slaying          Chrm           #.......     88%         2    ###....
 Sublimation of Blood     Necr           #.........   88%         2    ###....
 Throw Flame              Conj/Fire      #.....       88%         2    ###....
 Throw Frost              Conj/Ice       #.....       88%         2    ###....
 Inner Flame              Hex/Fire       #.......     94%         3    ###....
 Portal Projectile        Hex/Tloc       #.....       94%         3    ###....
 Spectral Weapon          Hex/Chrm       #.......     94%         3    ###....
 Summon Guardian Golem    Hex/Summ       #.......     94%         3    ###....
 Call Canine Familiar     Summ           #.......     98%         3    ###....
 Conjure Flame            Conj/Fire      #.......     98%         3    ###....
 Gell's Gravitas          Tloc           #.........   98%         3    ###....
 Ignite Poison            Fire/Tmut/Pois #.......     98%         3    ###....
 Lesser Beckoning         Tloc           #.........   98%         3    ###....
 Mephitic Cloud           Conj/Pois/Air  #.......     98%         3    ###....
 Ozocubu's Armour         Chrm/Ice       #.......     98%         3    ###....
 Regeneration             Chrm/Necr      #.........   98%         3    ###....
 Static Discharge         Conj/Air       #.......     98%         3    ###....
 Stone Arrow              Conj/Erth      #.....       98%         3    ###....
 Vampiric Draining        Necr           #.........   98%         3    ###....
 Cause Fear               Hex            #.........   99%         4    #####..
 Animate Dead             Necr           N/A          100%        4    #####..
 Force Lance              Conj/Tloc      #.......     100%        4    #####..
 Fulminant Prism          Conj/Hex       #.........   100%        4    #####..
 Ice Form                 Ice/Tmut       #.......     100%        4    #####..
 Leda's Liquefaction      Hex/Erth       #.........   100%        4    #####..
 Petrify                  Tmut/Erth      #.......     100%        4    #####..
 Summon Ice Beast         Ice/Summ       #.......     100%        4    #####..
 Summon Lightning Spire   Summ/Air       #.......     100%        4    #####..
 Throw Icicle             Conj/Ice       #.......     100%        4    #####..
 Alistair's Intoxication  Tmut/Pois      #.......     100%        5    ######.
 Bolt of Magma            Conj/Fire/Erth #.........   100%        5    ######.
 Borgnjor's Vile Clutch   Necr/Erth      #.........   100%        5    ######.
 Fireball                 Conj/Fire      #.........   100%        5    ######.
 Irradiate                Conj/Tmut      #.........   100%        5    ######.
 Iskenderun's Battlesphe  Conj/Chrm      #.......     100%        5    ######.
 Lightning Bolt           Conj/Air       #.........   100%        5    ######.
 Metabolic Englaciation   Hex/Ice        #.........   100%        5    ######.
 Silence                  Hex/Air        #.........   100%        5    ######.
 Summon Forest            Summ/Tloc      #.........   100%        5    ######.
 Summon Mana Viper        Hex/Summ       #.......     100%        5    ######.
 Venom Bolt               Conj/Pois      #.........   100%        5    ######.
 Yara's Violent Unravell  Hex/Tmut       #.........   100%        5    ######.
 Bolt of Fire             Conj/Fire      #.........   100%        6    #######
 Conjure Ball Lightning   Conj/Air       #.........   100%        6    #######
 Deflect Missiles         Chrm/Air       #.........   100%        6    #######
 Dispersal                Tloc           #.........   100%        6    #######
 Hydra Form               Tmut           #.........   100%        6    #######
 Invisibility             Hex            #.......     100%        6    #######
 Iron Shot                Conj/Erth      #.........   100%        6    #######
 Ozocubu's Refrigeration  Ice            #.........   100%        6    #######
 Statue Form              Tmut/Erth      #........    100%        6    #######
 Dragon Form              Tmut           #.........   100%        7    #######
 Malign Gateway           Summ/Tloc      #.........   100%        7    #######
 Monstrous Menagerie      Summ           #.........   100%        7    #######
 Orb of Destruction       Conj           #.........   100%        7    #######
 Ring of Flames           Chrm/Fire      #.........   100%        7    #######
 Spellforged Servitor     Conj/Summ      #.........   100%        7    #######
 Summon Greater Demon     Summ           #.........   100%        7    #######
 Summon Hydra             Summ           #.........   100%        7    #######
 Controlled Blink         Tloc           N/A          100%        8    #######
 Discord                  Hex            #.........   100%        8    #######
 Disjunction              Tloc           #.........   100%        8    #######
 Ignition                 Fire           #.........   100%        8    #######
 Summon Horrible Things   Summ           #.........   100%        8    #######
 Shatter                  Erth           #.........   100%        9    #######
 Tornado                  Air            #.........   100%        9    #######
 Passage of Golubria      Tloc           Unusable     N/A         4    N/A

Dungeon Overview and Level Annotations

Branches:
Dungeon (15/15)            Temple (0/1) D:6            Lair (6/6) D:11
  Swamp (4/4) Lair:3       Spider (4/4) Lair:4        Slime (5/5) Lair:6
    Orc (2/2) D:10            Elf (3/3) Orc:2        Vaults (4/5) D:13
  Crypt (0/3) Vaults:2     Depths (5/5) D:15            Zot (5/5) Depths:5

Altars:
Cheibriados
Dithmenos
Gozag
Kikubaaqudgha
Nemelex Xobeh
Okawaru
Qazlal
Ru
Trog
Vehumet
Wu Jian
Beogh
Jiyva

Shops:
D:2 *   D:15 [   Orc:2 (!![}   Lair:4 (   Vaults:4 [[   Zot:1 [   Zot:5 *?
Depths:1 ((([!   Depths:3 *

Portals:
Hell: Depths:1 Depths:2 Depths:3 Depths:5
Abyss: Depths:2 Depths:4
Pandemonium: Depths:3
Ziggurat: Depths:3

Annotations:
D:3 3 runed translucent doors, 1 exclusion, Cryn's ghost, amateur KoSu; Sigmund; grerr's ghost, amateur DsAK
D:4 1 runed translucent door, pedritolo's ghost, amateur DEIE
Lair:2 3 runed translucent doors, Huteloc's ghost, journeyman TrMo
Lair:5 exclusion: door
Swamp:2 Nikola
Vaults:2 8 runed translucent doors, crisisinutopia's ghost, adept MiFi
Depths:4 2 exclusions, Boris
Depths:5 6 runed translucent doors


Innate Abilities, Weirdness & Mutations

You have a beak for a mouth.
You have claws for feet.
You can fly continuously.
You are partially covered in yellow scales. (AC +2)
You can translocate small distances at will.
You are very dopey. (Int -4)
Your flesh is heat resistant. (rF+)
Your magical capacity is very low. (-20% MP)
Your muscles are strong. (Str +2)
You are occasionally teleported next to monsters.
You evolve.
You expend magic power (3 MP) to strengthen your wands.


Message History

There is a stone staircase leading down here.
You see here a scroll of noise.
There is an open door here.
There is an open door here.
Items here: ( ) [[ a stone; a +0 robe x2; a cursed +0 spear
Things that are here:
a +0 dagger; a +0 robe; a +2 mace
Things that are here:
2 stones; a +0 short sword
There is a stone staircase leading up here.
You fly upwards.
There is a stone staircase leading down here.
There is a stone staircase leading up here.
You fly upwards.
There is a stone staircase leading down here.
There is a stone staircase leading up here.
A torturous blood saint comes into view.
It is wielding a +0 dagger.
The torturous blood saint moves out of view.
There is a stone staircase leading up here.
You see here 3 arrows.
You fly upwards.
There is a stone staircase leading down here.
(D) Dungeon (T) Temple (L) Lair (S) Swamp (N) Spider Nest (M) Slime Pits (O) Orcish Mines (E) Elven Halls (V) Vaults (C) Crypt (U) Depths (H) Hell (Z) Zot
Where to? (Enter - D:1 @ (x,y), ? - help)
What level of the Dungeon? (default 1, ? - help)
There is a stone staircase leading up here.
You fly upwards.
There is a stone staircase leading down here.
There is an open door here.
There is a stone staircase leading up here.
You fly upwards.
There is a stone staircase leading down here.
There is a stone staircase leading up here.
You fly upwards.
Level annotation: 1 runed translucent door, pedritolo's ghost, amateur DEIE
There is a stone staircase leading down here.
An Orb Guardian comes into view.
The Orb Guardian hits you but does no damage.
You slash the Orb Guardian! Your kick misses the Orb Guardian.
Your peck misses the Orb Guardian.
The Orb Guardian is lightly wounded.
The Orb Guardian misses you.
You slice the Orb Guardian!!
You claw the Orb Guardian, but do no damage.
The Orb Guardian is heavily wounded.
You block the Orb Guardian's attack.
You closely miss the Orb Guardian. Your kick misses the Orb Guardian.
You peck the Orb Guardian, but do no damage.
The Orb Guardian is heavily wounded.
You block the Orb Guardian's attack.
You hit the Orb Guardian.
You claw the Orb Guardian, but do no damage.
The Orb Guardian is heavily wounded.
The Orb Guardian misses you.
You riposte.
You slash the Orb Guardian! Your kick misses the Orb Guardian.
You peck the Orb Guardian.
The Orb Guardian is severely wounded.
You barely miss the Orb Guardian. Your kick misses the Orb Guardian.
You peck the Orb Guardian.
The Orb Guardian is almost dead.
The Orb Guardian misses you.
You riposte.
You closely miss the Orb Guardian. Your kick misses the Orb Guardian.
The Orb Guardian is almost dead.
You hit the Orb Guardian but do no damage.
Your kick misses the Orb Guardian.
The Orb Guardian is almost dead.
You block the Orb Guardian's attack.
You hit the Orb Guardian. Your kick misses the Orb Guardian.
You peck the Orb Guardian, but do no damage.
The Orb Guardian is almost dead.
You block the Orb Guardian's attack.
You hit the Orb Guardian. Your kick misses the Orb Guardian.
The Orb Guardian is almost dead.
The Orb Guardian hits you but does no damage.
You slice the Orb Guardian!!
You kill the Orb Guardian!
(D) Dungeon (T) Temple (L) Lair (S) Swamp (N) Spider Nest (M) Slime Pits (O) Orcish Mines (E) Elven Halls (V) Vaults (C) Crypt (U) Depths (H) Hell (Z) Zot
Where to? (Enter - D:1 @ (x,y), ? - help)
What level of the Dungeon? (default 1, ? - help)
You now have 4213 gold pieces (gained 28).
There is a stone staircase leading up here.
You fly upwards.
Level annotation: 3 runed translucent doors, 1 exclusion, Cryn's ghost, amateur KoSu; Sigmund; grerr's ghost, amateur DsAK
There is a stone staircase leading down here.
There is a stone staircase leading up here.
You fly upwards.
There is a stone staircase leading down here.
There is an open door here.
There is a stone staircase leading up here.
You fly upwards.
There is a stone staircase leading down here.
There is a staircase leading out of the dungeon here.
There is a staircase leading out of the dungeon here.
You have escaped!

#.#
#.#
#.#
#.####
#....#
#....#
#....#
#....#
#.@>.#
######


There were no monsters in sight!

Vanquished Creatures
  the Royal Jelly (Slime:5)
  3 ancient liches (Zot:5)
  3 orbs of fire (Zot:5)
  A juggernaut (Depths:2)
  A Killer Klown (Zot:5)
  Bai Suzhen (Vaults:2)
  A curse toe (Zot:1)
  A caustic shrike (Depths:4)
  4 golden dragons
  A bone dragon (Depths:5)
  Arachne (Spider:4)
  2 electric golems (Zot:5)
  An Ice Fiend (Depths:3)
  Jorgrun (Swamp:1)
  9 tentacled monstrosities
  The ghost of MajorAdolf the Cleaver, an adept NaWn of Makhleb (Depths:2)
  24 Orb Guardians
  Asterion (Vaults:2)
  2 liches
  2 deep elf master archers (Elf:3)
  4 death cobs (Zot:5)
  A quicksilver dragon (Depths:1)
  3 deep elf blademasters
  16 acid blobs
  4 sphinxes
  2 tentacled starspawn (Abyss:5)
  A thorn hunter (Swamp:4)
  Frances (Swamp:1)
  Gastronok (D:11)
  Donald (Elf:2)
  4 tengu reavers
  2 shadow dragons (Depths:5)
  A draconian monk (Depths:5)
  9 azure jellies (Slime:5)
  5 storm dragons
  10 frost giants
  10 fire giants
  12 deep elf sorcerers
  A balrug (Depths:3)
  2 orc warlords
  6 emperor scorpions
  6 iron dragons
  Louise (Swamp:1)
  5 ghost moths
  Aizul (Swamp:2)
  A draconian scorcher (Depths:5)
  10 vault wardens
  2 draconian shifters
  4 spriggan defenders
  20 stone giants
  2 draconian annihilators
  4 draconian stormcallers
  A deep elf elementalist (Elf:3)
  12 ironheart preservers
  19 very ugly things
  An entropy weaver (Spider:2)
  A vampire knight (Depths:4)
  6 green draconians
  2 white draconians
  10 deep elf demonologists
  3 black draconians (Depths:5)
  13 deep elf annihilators
  The ghost of luab the Thaumaturge, a journeyman GnSk of Okawaru (D:12)
  6 yellow draconians
  5 purple draconians
  16 spark wasps
  Azrael (Spider:3)
  7 red draconians
  A white draconian (shapeshifter) (Vaults:1)
  7 deep elf death magi
  2 blizzard demons
  7 ettins
  9 death oozes
  Fannar (D:10)
  4 deep elf high priests
  14 yaktaur captains
  9 fire dragons
  20 great orbs of eyes
  10 ice dragons
  5 rakshasas
  4 spriggan air magi
  3 vault guards
  Harold (Lair:1)
  27 hydras
  A shambling mangrove (Swamp:2)
  An anaconda (shapeshifter) (Depths:1)
  5 ghost crabs
  2 catoblepae
  10 centaur warriors
  2 two-headed ogres (shapeshifter)
  44 two-headed ogres
  8 deep troll shamans
  14 ogre magi
  5 tengu warriors
  6 alligators
  14 deep troll earth magi
  Urug (D:10)
  2 orc high priests
  A titan zombie (Depths:4)
  A vampire mage (Depths:1)
  12 deep elf knights
  5 thrashing horrors (Abyss:5)
  2 hell knights
  A sun demon (Depths:3)
  7 spriggan berserkers
  A titan skeleton (Depths:4)
  Nergalle (Orc:2)
  2 fire crabs (shapeshifter) (D:15)
  5 shadow wraiths
  A spatial maelstrom (Abyss:5)
  2 iron trolls
  4 wretched stars
  2 flayed ghosts
  3 salamander mystics
  A skeletal warrior (Vaults:2)
  8 swamp dragons
  5 unseen horrors
  A shadow demon (Abyss:5)
  6 glowing orange brains
  4 starcursed masses (Abyss:5)
  10 deep trolls
  4 wizards
  12 deep elf archers
  A lindwurm (Lair:5)
  2 necromancers
  13 orc knights
  66 deep elf magi
  13 harpies
  15 orb spiders
  A salamander (shapeshifter) (Depths:4)
  A mana viper (shapeshifter) (D:15)
  13 ironbrand convokers
  35 wolf spiders
  A cyclops (shapeshifter) (Depths:1)
  6 shining eyes
  7 manticores
  2 worldbinders (Abyss:5)
  15 orc sorcerers
  An oklob plant (D:11)
  15 cyclopes
  48 ugly things
  6 moths of wrath
  5 rust devils
  12 salamanders
  11 black mambas
  A titan simulacrum (Depths:3)
  3 guardian serpents
  2 guardian serpents (shapeshifter) (Elf:2)
  12 vault sentinels
  An iron dragon skeleton (Depths:4)
  2 apocalypse crabs (Abyss:5)
  A black mamba (shapeshifter) (Depths:3)
  3 ice statues
  2 gargoyles
  An elf skeleton (Depths:4)
  25 spiny frogs
  A dire elephant skeleton (Abyss:5)
  5 smoke demons (Abyss:5)
  2 eyes of devastation
  An orange demon (Abyss:5)
  A spiny frog (shapeshifter) (Vaults:3)
  A torpor snail (Spider:1)
  3 centaur skeletons
  2 hellions
  4 komodo dragons
  2 efreet
  A golden dragon simulacrum (Depths:3)
  A storm dragon simulacrum (Vaults:1)
  4 kobold demonologists
  6 freezing wraiths
  41 yaktaurs
  A rime drake (Lair:3)
  15 demonic crawlers
  5 hellwings
  11 ice devils
  7 ancient zymes
  3 red devils (Depths:2)
  7 tengu conjurers
  8 trolls
  36 jumping spiders
  A meliai (shapeshifter) (D:13)
  A silent spectre (Abyss:5)
  A queen bee (D:8)
  2 polar bears
  4 bog bodies
  A polar bear (shapeshifter) (Vaults:3)
  25 hornets
  19 blink frogs
  8 tyrant leeches
  89 slime creatures
  17 hippogriffs
  A blink frog (shapeshifter) (D:15)
  A sphinx simulacrum (Depths:3)
  3 large abominations (Abyss:5)
  2 fire giant simulacra
  2 frost giant simulacra (Depths:3)
  A raiju (shapeshifter) (Vaults:2)
  3 raiju (Abyss:5)
  2 air elementals
  34 tarantellas
  68 redbacks
  10 spriggans
  2 vampires (D:15)
  5 shadows
  4 wraiths
  A ynoxinul (D:13)
  A human (shapeshifter) (Vaults:2)
  A spriggan (shapeshifter) (D:15)
  2 basilisks
  3 fire bats (Lair:4)
  2 fire bats (shapeshifter)
  A water elemental (Depths:3)
  11 wyverns
  A chaos spawn (Abyss:5)
  28 yaks
  9 fire elementals
  A hog (shapeshifter) (Depths:1)
  6 golden eyes (Slime:3)
  2 steam dragons
  5 hungry ghosts
  7 vampire mosquitoes
  13 swamp worms
  A swamp worm (shapeshifter) (Vaults:3)
  A soldier ant (shapeshifter) (Elf:3)
  2 acid dragons
  5 wargs
  9 insubstantial wisps
  3 soldier ants
  4 hell hounds (Spider:3)
  31 water moccasins
  9 porcupines
  A floating eye (shapeshifter) (D:15)
  37 orc warriors
  A black bear (D:9)
  3 sky beasts
  A meliai simulacrum (D:15)
  7 phantoms
  17 swamp drakes
  An ice dragon simulacrum (Abyss:5)
  2 necrophages
  46 ogres
  An eye of draining (shapeshifter) (Vaults:2)
  An ettin simulacrum (Abyss:5)
  14 ice beasts
  3 eyes of draining
  11 boggarts
  18 wolves
  An ogre (shapeshifter) (Abyss:5)
  16 centaurs
  15 crocodiles
  8 big kobolds
  3 earth elementals
  21 bullfrogs
  A wyvern zombie (D:13)
  An elf simulacrum (Vaults:1)
  3 wyvern skeletons
  2 small abominations (Abyss:5)
  6 scorpions
  19 killer bees
  12 wights
  8 howler monkeys
  5 electric eels
  A bullfrog zombie (D:6)
  9 crimson imps
  2 jellies
  2 human simulacra (Vaults:2)
  20 orc priests
  A bullfrog skeleton (D:10)
  A gnoll shaman (D:5)
  9 hounds
  40 orc wizards
  3 iguanas
  Ijyb (D:3)
  4 hell rats (Lair:6)
  6 worker ants
  A hound zombie (D:9)
  A hound skeleton (D:8)
  2 worker ant zombies (D:10)
  4 gnolls
  A howler monkey skeleton (D:8)
  A river rat (Lair:3)
  9 adders
  3 shadow imps
  21 white imps
  8 ufetubi (IceCv)
  3 oozes
  2 adder skeletons
  6 worms
  2 dart slugs (D:2)
  7 leopard geckos
  103 orcs
  2 ball pythons (Sewer)
  5 giant cockroaches
  14 goblins
  13 hobgoblins
  10 jackals
  46 kobolds
  4 quokkas
  7 bats
  4 frilled lizards
  A jackal skeleton (D:4)
  11 rats
  A lurking horror (Abyss:5)
  A plant (D:11)
2309 creatures vanquished.

Vanquished Creatures (collateral kills)
  the Lernaean hydra (Swamp:4)
  A fire giant (Depths:2)
  A draconian annihilator (Zot:5)
  A hydra (Swamp:4)
4 creatures vanquished.

Vanquished Creatures (others)
  2 spark wasps (Depths:2)
  23 dancing weapons
  An ogre mage (Vaults:1)
  A deep elf knight (Elf:1)
  A deep elf mage (Elf:3)
  An orb spider (Spider:1)
  A centaur zombie (D:15)
  A spiny frog (Swamp:2)
  A yaktaur (Vaults:1)
  A tengu conjurer (Depths:4)
  A blink frog (Swamp:2)
  2 hornets
  2 golden eyes (Abyss:5)
  2 boggarts
  2 centaurs (D:12)
  A crimson imp (Abyss:5)
  5 white imps (IceCv)
  3 ufetubi (IceCv)
  4 kobolds (Bailey)
  7 fungi
  2 lurking horrors (Abyss:5)
  14 plants (Lair:6)
  3 starspawn tentacles (Abyss:5)
81 creatures vanquished.

Grand Total: 2394 creatures vanquished

Notes
Turn   | Place    | Note
-------+----------+-------------------------------------------
     0 | D:1      | Artagas the Tengu Wanderer began the quest for the Orb.
     0 | D:1      | Artagas set off with the following items: a +2 dagger, a +0
                  | quarterstaff, a potion of lignification, a ration, a +0
                  | robe, a scroll of blinking
     0 | D:1      | Reached XP level 1. HP: 14/14 MP: 2/2
   386 | D:1      | Reached skill level 1 in Dodging
   386 | D:1      | Reached XP level 2. HP: 15/19 MP: 3/3
  1058 | D:1      | Reached skill level 1 in Short Blades
  1058 | D:1      | Reached XP level 3. HP: 23/23 MP: 4/4
  1070 | D:1      | Reached skill level 2 in Dodging
  1713 | D:2      | Found a snail-covered altar of Cheibriados.
  1806 | D:2      | Reached skill level 2 in Short Blades
  1955 | D:2      | Reached XP level 4. HP: 27/28 MP: 5/5
  2185 | D:2      | Reached skill level 3 in Short Blades
  2242 | D:1      | Gained mutation: You can fly continuously. [Tengu growth]
  2242 | D:1      | Reached XP level 5. HP: 32/32 MP: 6/6
  2409 | D:1      | Reached skill level 4 in Short Blades
  3171 | D:2      | Found Gozag's Platinum Reserve.
  3177 | D:2      | Found an opulent altar of Gozag.
  3201 | D:2      | Became a worshipper of Gozag Ym Sagoz the Greedy
  3316 | D:3      | Noticed Ijyb
  3319 | D:3      | Killed Ijyb
  3558 | D:3      | Found a glowing drain.
  3594 | Sewer    | Entered a sewer
  3634 | Sewer    | Noticed a big kobold
  3643 | Sewer    | Killed a big kobold
  3643 | Sewer    | Reached skill level 1 in Long Blades
  3643 | Sewer    | Reached XP level 6. HP: 17/37 MP: 7/7
  3961 | Sewer    | Reached skill level 4 in Stealth
  3965 | Sewer    | Reached skill level 2 in Long Blades
  4469 | D:3      | Noticed Sigmund
  4486 | D:3      | Found a runed translucent gate.
  4486 | D:3      | Found a runed translucent gate.
  4486 | D:3      | Found a runed translucent gate.
  4490 | D:3      | Noticed Cryn's ghost (amateur KoSu)
  4490 | D:3      | Noticed grerr's ghost (amateur DsAK)
  4700 | D:4      | Reached skill level 3 in Long Blades
  4910 | D:4      | Reached XP level 7. HP: 41/41 MP: 8/8
  4934 | D:4      | Found a runed translucent door.
  4934 | D:4      | Noticed pedritolo's ghost (amateur DEIE)
  4934 | D:4      | Noticed a troll
  4965 | D:4      | Reached skill level 5 in Stealth
  5400 | D:4      | Reached skill level 4 in Long Blades
  6156 | D:4      | Reached skill level 5 in Long Blades
  6478 | D:5      | Entered Level 5 of the Dungeon
  6553 | D:5      | Reached skill level 4 in Fighting
  6825 | D:5      | Found a bloodstained altar of Trog.
  6889 | D:5      | Reached XP level 8. HP: 43/48 MP: 9/9
  7019 | D:5      | Reached skill level 6 in Long Blades
  7139 | D:5      | Reached skill level 7 in Long Blades
  7674 | D:6      | Reached skill level 3 in Dodging
  7720 | D:6      | Found a staircase to the Ecumenical Temple.
  8294 | D:6      | Found an ornate altar of the Wu Jian Council.
  8463 | D:6      | Reached skill level 5 in Fighting
  8736 | D:7      | Reached skill level 4 in Dodging
  8766 | D:7      | Reached skill level 5 in Dodging
  8964 | D:7      | Reached XP level 9. HP: 53/54 MP: 10/10
  8970 | D:7      | Reached skill level 8 in Long Blades
  9025 | D:7      | Got a jewelled short sword
  9351 | D:7      | Reached skill level 9 in Long Blades
  9358 | D:7      | Learned a level 2 spell: Blink
  9664 | D:7      | Identified the cursed +1 short sword "Ciyng" {pierce, rC+}
                  | (You found it on level 7 of the Dungeon)
 10201 | D:8      | Noticed a two-headed ogre
 10539 | D:8      | Noticed a two-headed ogre
 10598 | D:8      | Reached skill level 10 in Long Blades
 10598 | D:8      | Reached skill level 1 in Armour
 10822 | D:8      | Reached skill level 2 in Armour
 11079 | D:8      | Reached skill level 6 in Dodging
 11087 | D:8      | Killed a two-headed ogre
 11087 | D:8      | Reached skill level 6 in Fighting
 11087 | D:8      | Reached XP level 10. HP: 61/61 MP: 11/11
 11760 | D:8      | Killed a two-headed ogre
 11760 | D:8      | Reached skill level 7 in Dodging
 11782 | D:8      | Reached skill level 11 in Long Blades
 11846 | D:9      | Found an iron altar of Okawaru.
 11846 | D:9      | Found a stormy altar of Qazlal.
 11846 | D:9      | Found a shadowy altar of Dithmenos.
 11906 | D:9      | Reached skill level 7 in Fighting
 11962 | D:9      | Found a sparkling altar of Nemelex Xobeh.
 12102 | D:8      | Reached skill level 2 in Evocations
 12865 | D:8      | Reached skill level 8 in Dodging
 12865 | D:8      | Reached skill level 3 in Evocations
 12891 | D:9      | Reached XP level 11. HP: 68/68 MP: 14/14
 13291 | D:9      | Reached skill level 8 in Fighting
 13408 | D:9      | Reached skill level 4 in Evocations
 13778 | D:9      | Found Gyudahaf's Food Shoppe.
 13783 | D:9      | Bought a ration for 70 gold pieces
 13783 | D:9      | Bought a ration for 70 gold pieces
 13783 | D:9      | Bought a ration for 70 gold pieces
 13783 | D:9      | Bought a ration for 70 gold pieces
 13783 | D:9      | Bought a ration for 70 gold pieces
 13783 | D:9      | Bought a ration for 70 gold pieces
 13783 | D:9      | Bought a ration for 70 gold pieces
 13783 | D:9      | Bought a ration for 70 gold pieces
 13783 | D:9      | Bought a ration for 70 gold pieces
 13783 | D:9      | Bought a ration for 70 gold pieces
 13783 | D:9      | Bought a ration for 70 gold pieces
 13938 | D:9      | Reached skill level 12 in Long Blades
 14424 | D:10     | Entered Level 10 of the Dungeon
 14437 | D:10     | Reached skill level 5 in Evocations
 14935 | D:10     | Noticed Fannar
 15098 | D:10     | Killed Fannar
 15098 | D:10     | Reached skill level 3 in Armour
 15374 | D:10     | Noticed Urug
 15507 | D:10     | Found a staircase to the Orcish Mines.
 15843 | D:10     | Killed Urug
 16127 | D:11     | Noticed a two-headed ogre
 16140 | D:11     | Killed a two-headed ogre
 16140 | D:11     | Reached skill level 4 in Armour
 16140 | D:11     | Reached skill level 6 in Evocations
 16340 | D:11     | Found Jifomn's Food Shop.
 16348 | D:11     | Bought a ration for 50 gold pieces
 16348 | D:11     | Bought a ration for 50 gold pieces
 16348 | D:11     | Bought a ration for 50 gold pieces
 16348 | D:11     | Bought a ration for 50 gold pieces
 16348 | D:11     | Bought a ration for 50 gold pieces
 16348 | D:11     | Bought a ration for 50 gold pieces
 16348 | D:11     | Bought a ration for 50 gold pieces
 16348 | D:11     | Bought a ration for 50 gold pieces
 16348 | D:11     | Bought a ration for 50 gold pieces
 16348 | D:11     | Bought a ration for 50 gold pieces
 16348 | D:11     | Bought a ration for 50 gold pieces
 16348 | D:11     | Bought a ration for 50 gold pieces
 16353 | D:11     | Found a staircase to the Lair.
 16356 | D:11     | Noticed an oklob plant
 16496 | D:11     | Reached XP level 12. HP: 75/75 MP: 17/17
 16648 | D:11     | Reached skill level 9 in Dodging
 16869 | D:11     | Noticed a two-headed ogre
 16966 | D:11     | Killed a two-headed ogre
 16966 | D:11     | Reached skill level 9 in Fighting
 17062 | D:11     | Noticed a two-headed ogre
 17078 | D:11     | Killed a two-headed ogre
 17214 | D:11     | Noticed Gastronok
 17403 | D:11     | Reached skill level 13 in Long Blades
 17751 | Lair:1   | Entered Level 1 of the Lair of Beasts
 17751 | Lair:1   | Found a frozen archway.
 18060 | Lair:1   | Noticed a six-headed hydra
 18067 | Lair:1   | Killed a six-headed hydra
 18119 | Lair:1   | Reached skill level 5 in Armour
 18139 | IceCv    | Entered an ice cave
 18490 | IceCv    | Reached skill level 10 in Dodging
 19318 | IceCv    | Reached skill level 10 in Fighting
 19453 | IceCv    | Reached skill level 6 in Armour
 19862 | IceCv    | Noticed a reaper
 20084 | Lair:1   | Identified a scroll of acquirement
 20101 | Lair:1   | Reached skill level 1 in Shields
 20121 | Lair:1   | Reached skill level 2 in Shields
 20258 | Lair:1   | Reached skill level 3 in Shields
 20564 | Lair:1   | Noticed Harold
 20578 | Lair:1   | Killed Harold
 20578 | Lair:1   | Reached skill level 4 in Shields
 20578 | Lair:1   | Reached XP level 13. HP: 82/82 MP: 18/18
 21645 | Lair:2   | Noticed Huteloc's ghost (journeyman TrMo)
 21646 | Lair:2   | Found a runed translucent gate.
 21647 | Lair:2   | Found a runed translucent gate.
 21696 | Lair:2   | Reached skill level 5 in Shields
 21742 | Lair:2   | Found a runed translucent gate.
 22504 | Lair:2   | Reached skill level 7 in Armour
 22504 | Lair:2   | Reached skill level 6 in Shields
 23033 | Lair:3   | You are sucked into a shaft for 3 floors!
 23033 | Lair:6   | Entered Level 6 of the Lair of Beasts
 23578 | Lair:3   | Found a staircase to the Swamp.
 23823 | Lair:3   | Reached skill level 11 in Dodging
 24036 | Lair:4   | Found a hole to the Spider Nest.
 24161 | Lair:4   | Reached skill level 8 in Armour
 24166 | Lair:4   | Reached skill level 7 in Shields
 25407 | Lair:5   | Reached skill level 8 in Shields
 25587 | Lair:5   | Reached skill level 12 in Dodging
 25587 | Lair:5   | Reached XP level 14. HP: 88/88 MP: 19/19
 26355 | Lair:6   | Reached skill level 9 in Shields
 26859 | Lair:6   | Found a viscous altar of Jiyva.
 26859 | Lair:6   | Found a staircase to the Slime Pits.
 27457 | Lair:6   | Reached skill level 13 in Dodging
 28193 | Lair:6   | Reached skill level 10 in Shields
 29423 | D:11     | Learned a level 1 spell: Confusing Touch
 29616 | D:12     | Reached skill level 1 in Spellcasting
 29688 | D:12     | Reached skill level 1 in Hexes
 30068 | D:12     | Reached skill level 2 in Spellcasting
 30523 | D:12     | Reached skill level 2 in Hexes
 30553 | D:12     | Found a transporter.
 30560 | D:12     | Found a transporter.
 30561 | D:12     | Noticed luab's ghost (journeyman GnSk)
 30864 | D:13     | Reached skill level 14 in Dodging
 30864 | D:13     | Reached skill level 11 in Shields
 30865 | D:13     | Reached XP level 15. HP: 71/92 MP: 20/20
 31154 | D:13     | Found a gate to the Vaults.
 31817 | Orc:1    | Entered Level 1 of the Orcish Mines
 32004 | Orc:1    | Found a flagged portal.
 32009 | Bailey   | Entered a bailey
 32141 | Bailey   | Identified the +6 falchion of the Key {freeze, rF+++ MR+
                  | Str-4 Stlth+}
 32652 | Orc:2    | Entered Level 2 of the Orcish Mines
 33153 | Orc:2    | Reached skill level 9 in Armour
 33559 | Orc:1    | Noticed an orc warlord
 34082 | Orc:2    | Killed an orc warlord
 34082 | Orc:2    | Reached skill level 11 in Fighting
 34435 | Orc:2    | Found a staircase to the Elven Halls.
 35089 | Orc:2    | Found Huipp's Gadget Shoppe.
 35165 | Orc:2    | Found a radiant altar of Vehumet.
 35187 | Orc:2    | Bought a wand of digging (6) for 300 gold pieces
 35608 | Orc:2    | Found Yrisemm's Distillery.
 35616 | Orc:2    | Bought a potion of heal wounds for 85 gold pieces
 35616 | Orc:2    | Bought a potion of curing for 51 gold pieces
 35616 | Orc:2    | Bought a potion of mutation for 136 gold pieces
 35616 | Orc:2    | Bought a potion of cancellation for 136 gold pieces
 35616 | Orc:2    | Bought 2 potions of mutation for 272 gold pieces
 35616 | Orc:2    | Bought a potion of resistance for 170 gold pieces
 35616 | Orc:2    | Bought a potion of curing for 51 gold pieces
 35616 | Orc:2    | Bought a potion of curing for 51 gold pieces
 35616 | Orc:2    | Bought a potion of magic for 136 gold pieces
 35616 | Orc:2    | Bought a potion of heal wounds for 85 gold pieces
 35616 | Orc:2    | Bought a potion of curing for 51 gold pieces
 35616 | Orc:2    | Bought a potion of magic for 136 gold pieces
 35618 | Orc:2    | Found an ancient bone altar of Kikubaaqudgha.
 35618 | Orc:2    | Noticed Nergalle
 35687 | Orc:2    | Killed Nergalle
 35709 | Orc:2    | Found a roughly hewn altar of Beogh.
 35857 | Orc:2    | Found Veteas's Antique Armour Emporium.
 36195 | Orc:2    | Found Mesen's Distillery.
 36209 | Orc:2    | Bought a brightly glowing ring mail for 297 gold pieces
 36219 | Orc:2    | Identified the +5 ring mail of Xeturann {-Tele rPois Int-2
                  | Dex+6} (You bought it in a shop on level 2 of the Orcish
                  | Mines)
 36255 | Orc:2    | Bought a potion of curing for 42 gold pieces
 36255 | Orc:2    | Bought a potion of berserk rage for 70 gold pieces
 36255 | Orc:2    | Bought a potion of magic for 112 gold pieces
 36255 | Orc:2    | Bought a potion of agility for 56 gold pieces
 36255 | Orc:2    | Bought a potion of agility for 56 gold pieces
 36255 | Orc:2    | Bought a potion of haste for 140 gold pieces
 36255 | Orc:2    | Bought a potion of invisibility for 112 gold pieces
 36255 | Orc:2    | Bought a potion of mutation for 112 gold pieces
 36857 | Orc:2    | Bought a crude scimitar for 288 gold pieces
 36857 | Orc:2    | Identified the cursed +0 scimitar of Intimidation {venom,
                  | Int-3 Dex+7} (You bought it in a shop on level 2 of the
                  | Orcish Mines)
 36860 | Orc:2    | Bought a blackened falchion for 256 gold pieces
 36861 | Orc:2    | Identified the +3 falchion of the Extremes {flame, *Drain
                  | rN++ Int+4} (You bought it in a shop on level 2 of the
                  | Orcish Mines)
 37787 | D:14     | Reached skill level 12 in Fighting
 37866 | D:14     | Identified the Disquisition on the Freezing Voyage
 38349 | D:14     | Reached skill level 15 in Dodging
 38729 | D:15     | Entered Level 15 of the Dungeon
 39307 | D:15     | Found an iron altar of Okawaru.
 39307 | D:15     | Found a sacrificial altar of Ru.
 39308 | D:15     | Found a sacrificial altar of Ru.
 39443 | D:15     | Found a staircase to the Depths.
 39610 | D:15     | Reached skill level 13 in Fighting
 39649 | D:15     | Reached XP level 16. HP: 75/104 MP: 21/21
 39836 | D:15     | Reached skill level 10 in Armour
 40198 | D:15     | Learned a level 1 spell: Corona
 40738 | D:15     | Reached skill level 7 in Evocations
 40879 | D:15     | Noticed a storm dragon
 40942 | D:15     | Killed a storm dragon
 41286 | D:15     | Noticed a tengu reaver
 41311 | D:15     | Killed a tengu reaver
 41311 | D:15     | Reached skill level 8 in Evocations
 42010 | D:11     | Killed Gastronok
 42030 | D:11     | Reached skill level 16 in Dodging
 42268 | Spider:1 | Entered Level 1 of the Spider Nest
 42697 | Lair:4   | HP: 15/104 [poisoned by a wolf spider]
 42702 | Lair:4   | HP: 14/104 [poisoned by a wolf spider]
 42707 | Lair:4   | HP: 13/104 [poisoned by a wolf spider]
 42714 | Lair:4   | HP: 13/104 [poisoned by a wolf spider]
 42722 | Lair:4   | HP: 13/104 [poisoned by a wolf spider]
 43045 | Spider:1 | Reached skill level 9 in Evocations
 43706 | Spider:1 | Reached skill level 10 in Evocations
 44760 | Swamp:1  | Entered Level 1 of the Swamp
 44833 | Swamp:1  | Noticed Louise
 44858 | Swamp:1  | Killed Louise
 44858 | Swamp:1  | Reached XP level 17. HP: 100/109 MP: 25/25
 45042 | Swamp:1  | Noticed Frances
 45062 | Swamp:1  | Killed Frances
 45485 | Swamp:1  | Noticed Jorgrun
 45499 | Swamp:1  | Killed Jorgrun
 45698 | Swamp:1  | Reached XP level 18. HP: 113/116 MP: 26/26
 45948 | Swamp:2  | Noticed a tentacled monstrosity
 45978 | Swamp:1  | Killed a tentacled monstrosity
 45978 | Swamp:1  | Reached skill level 12 in Shields
 46692 | Swamp:2  | Noticed Nikola
 47017 | Swamp:2  | Reached skill level 14 in Fighting
 47561 | Swamp:2  | Noticed Aizul
 47601 | Swamp:2  | Killed Aizul
 48190 | Swamp:3  | Reached skill level 17 in Dodging
 48946 | Swamp:2  | Paralysed by a hornet for 3 turns
 48955 | Swamp:1  | HP: 15/116 [poisoned by a hornet]
 48960 | Swamp:1  | HP: 11/116 [poisoned by a hornet]
 48966 | Swamp:1  | HP: 8/116 [poisoned by a hornet]
 48971 | Swamp:1  | HP: 6/116 [poisoned by a hornet]
 48976 | Swamp:1  | HP: 6/116 [poisoned by a hornet]
 48983 | Swamp:1  | HP: 6/116 [poisoned by a hornet]
 48991 | Swamp:1  | HP: 6/116 [poisoned by a hornet]
 49420 | Swamp:4  | Entered Level 4 of the Swamp
 50427 | Swamp:4  | Noticed the 27-headed Lernaean hydra
 50518 | Swamp:4  | Reached skill level 13 in Shields
 51107 | Swamp:4  | Killed the 27-headed Lernaean hydra
 51566 | Swamp:4  | Got a decaying rune of Zot
 51915 | Elf:1    | Entered Level 1 of the Elven Halls
 51983 | Orc:2    | Reached XP level 19. HP: 90/123 MP: 21/27
 52376 | Elf:1    | Reached skill level 15 in Fighting
 52749 | Elf:1    | Reached skill level 18 in Dodging
 53125 | Elf:1    | Reached skill level 14 in Shields
 53922 | Vaults:1 | Entered Level 1 of the Vaults
 54717 | Vaults:1 | Reached skill level 15 in Shields
 55168 | D:15     | Bought a runed chain mail for 240 gold pieces
 55198 | D:15     | Bought a runed chain mail for 240 gold pieces
 55208 | D:15     | Bought a glowing chain mail for 240 gold pieces
 55338 | Vaults:1 | Identified the +4 short sword of the Shallot {antimagic,
                  | MR- Int+3 Stlth+}
 55408 | Vaults:1 | Reached skill level 11 in Evocations
 55726 | Vaults:1 | Noticed a Hell Sentinel
 55889 | D:13     | Reached skill level 12 in Evocations
 56414 | Vaults:1 | Reached skill level 11 in Armour
 56892 | Vaults:1 | Reached XP level 20. HP: 101/129 MP: 22/30
 57994 | Spider:2 | Reached skill level 12 in Armour
 59565 | Spider:3 | Reached skill level 13 in Armour
 59975 | Spider:3 | Noticed Azrael
 60186 | Spider:3 | Killed Azrael
 60919 | Spider:4 | Entered Level 4 of the Spider Nest
 61472 | Spider:4 | Noticed Arachne
 61483 | Spider:4 | Killed Arachne
 61483 | Spider:4 | Reached skill level 14 in Long Blades
 62637 | Spider:4 | Reached skill level 15 in Long Blades
 63705 | Spider:4 | Got a gossamer rune of Zot
 64462 | Vaults:2 | Noticed Asterion
 64491 | Vaults:2 | Killed Asterion
 65193 | Vaults:1 | Reached XP level 21. HP: 122/135 MP: 27/31
 65679 | Vaults:2 | Found a staircase to the Crypt.
 66113 | Vaults:2 | Reached skill level 16 in Fighting
 66124 | Vaults:2 | Reached skill level 19 in Dodging
 66428 | Vaults:2 | Found a large runed translucent door.
 66429 | Vaults:2 | Found a large runed translucent door.
 66430 | Vaults:2 | Found a large runed translucent door.
 66432 | Vaults:2 | Found a large runed translucent door.
 66432 | Vaults:2 | Found a large runed translucent door.
 66432 | Vaults:2 | Found a large runed translucent door.
 66432 | Vaults:2 | Noticed crisisinutopia's ghost (adept MiFi)
 66433 | Vaults:2 | Found a large runed translucent door.
 66433 | Vaults:2 | Found a large runed translucent door.
 66449 | Vaults:2 | Noticed Bai Suzhen
 66536 | Vaults:2 | Killed Bai Suzhen
 68366 | Vaults:3 | Reached skill level 17 in Fighting
 68708 | Vaults:3 | Reached skill level 20 in Dodging
 69569 | Vaults:4 | Reached XP level 22. HP: 122/144 MP: 27/32
 69631 | Vaults:4 | Reached skill level 16 in Shields
 70751 | Vaults:4 | Bought a translucent plate armour for 1232 gold pieces
 70751 | Vaults:4 | Bought an encrusted cloak for 418 gold pieces
 70761 | Vaults:4 | Identified the +6 plate armour of Oblivion {Str+2} (You
                  | bought it in a shop on level 4 of the Vaults)
 70777 | Vaults:4 | Identified the +1 cloak of Xom's Vengeance {rC+ rN+ Int+3}
                  | (You bought it in a shop on level 4 of the Vaults)
 70779 | Vaults:4 | Bought a steaming scale mail for 396 gold pieces
 70789 | Vaults:4 | Identified the cursed +0 scale mail of Space {rPois rF+
                  | Int+2} (You bought it in a shop on level 4 of the Vaults)
 71166 | Vaults:4 | Reached skill level 17 in Shields
 71616 | Orc:2    | Bought a box of beasts for 300 gold pieces
 71616 | Orc:2    | Bought a wand of iceblast (6) for 150 gold pieces
 71616 | Orc:2    | Bought a box of beasts for 300 gold pieces
 72103 | Elf:2    | Identified the +4 ring mail of the Ladybird {+Fly Int+8
                  | Dex-5} (You found it on level 2 of the Elven Halls)
 72166 | Elf:2    | Noticed Donald
 72190 | Elf:2    | Killed Donald
 72350 | Elf:2    | Found a runed translucent gate.
 72350 | Elf:2    | Found a runed translucent gate.
 72350 | Elf:2    | Found a runed translucent gate.
 72572 | Elf:2    | Reached skill level 13 in Evocations
 74048 | Depths:1 | Entered Level 1 of the Depths
 74270 | D:12     | Reached skill level 14 in Armour
 74313 | D:12     | Killed luab's ghost
 74320 | D:12     | Got a heavily runed ruby amulet
 74321 | D:12     | Identified the amulet "Kenig" {RegenMP Str+6} (You found it
                  | on level 12 of the Dungeon)
 74757 | Depths:1 | Identified the +6 hand axe "Vablehiff" {chop, rN+}
 74935 | Depths:1 | Reached skill level 14 in Evocations
 75277 | Depths:1 | Identified the +1 whip of the Pits of Slime {antimagic,
                  | *Corrode +Inv Int+7}
 75377 | Depths:1 | Got a spiked ring mail
 75378 | Depths:1 | Identified the +2 ring mail "Datoimot" {rN+ Regen+} (You
                  | found it on level 1 of the Depths)
 75638 | Depths:1 | Found Vulle Jomn's Weapon Shoppe.
 75654 | Depths:1 | Reached XP level 23. HP: 132/149 MP: 32/34
 75755 | Depths:1 | Found a gateway to Hell.
 75780 | Depths:1 | Found Ysurof's Weapon Emporium.
 75860 | Depths:1 | Found Figak's Antique Armour Shoppe.
 75906 | Depths:1 | Found Qenu's Distillery.
 75994 | Depths:1 | Bought a potion of curing for 42 gold pieces
 75994 | Depths:1 | Bought a potion of haste for 140 gold pieces
 75994 | Depths:1 | Bought a potion of heal wounds for 70 gold pieces
 76290 | Depths:1 | Found Xiufim's Weapon Shoppe.
 76482 | Depths:2 | Noticed a juggernaut
 76556 | Depths:2 | Found a one-way gate to the infinite horrors of the Abyss.
 77011 | Depths:2 | Killed a juggernaut
 77951 | Depths:3 | Reached skill level 15 in Armour
 77979 | Depths:3 | Noticed MajorAdolf's ghost (adept NaWn)
 78030 | Depths:3 | Found a runed translucent gate.
 78030 | Depths:3 | Found a runed translucent gate.
 78030 | Depths:3 | Found a runed translucent gate.
 78048 | Depths:3 | Noticed a golden dragon
 78254 | Depths:2 | Killed a golden dragon
 78870 | Depths:3 | Found Wimovai's Pet Rocks.
 79018 | Depths:3 | Found a gateway to a ziggurat.
 79162 | Depths:3 | Reached skill level 18 in Fighting
 79165 | Depths:3 | Found a one-way gate leading to the halls of Pandemonium.
 79284 | Depths:3 | Reached skill level 18 in Shields
 79365 | Depths:3 | Reached skill level 21 in Dodging
 79606 | Depths:3 | Noticed a caustic shrike
 80364 | Depths:2 | Killed MajorAdolf's ghost
 80396 | Depths:3 | Reached XP level 24. HP: 110/157 MP: 25/34
 80751 | Depths:3 | Got the ring "Acliwui" {Fire}
 80758 | Depths:3 | Identified the Incunabulum of Conjuration
 81234 | Depths:4 | Reached skill level 16 in Armour
 82036 | Depths:3 | Reached skill level 17 in Armour
 82397 | Depths:4 | Reached skill level 18 in Armour
 82574 | Depths:4 | Noticed a caustic shrike
 82583 | Depths:4 | Killed a caustic shrike
 82820 | Depths:4 | Noticed Boris
 83430 | Slime:1  | Entered Level 1 of the Pits of Slime
 83433 | Slime:1  | Gained mutation: Your system is resistant to poisons.
                  | (rPois) [a shining eye]
 83498 | Slime:1  | Gained mutation: You are frail. (-10% HP) [a shining eye]
 84187 | Slime:3  | Gained mutation: Scrolls take you a little longer to read.
                  | [a shining eye]
 84188 | Slime:3  | Gained mutation: Armour fits poorly on your strangely
                  | shaped body. [a shining eye]
 84189 | Slime:3  | Gained mutation: You are weak. (Str -2) [a shining eye]
 84499 | Slime:5  | Entered Level 5 of the Pits of Slime
 84500 | Slime:5  | Paralysed by a great orb of eyes for 7 turns
 84870 | Slime:5  | Found a viscous altar of Jiyva.
 84887 | Slime:5  | Noticed the Royal Jelly
 85345 | Slime:5  | Reached XP level 25. HP: 130/147 MP: 31/34
 85503 | Slime:5  | Gained mutation: You occasionally shout uncontrollably at
                  | your foes. [a shining eye]
 85505 | Slime:5  | Gained mutation: You are dopey. (Int -2) [a shining eye]
 85510 | Slime:5  | Gained mutation: Your body sometimes deteriorates upon
                  | taking damage. [a shining eye]
 85565 | Slime:5  | Found the ring of Phasing {EV+8}
 85673 | Slime:5  | Killed the Royal Jelly
 86029 | Slime:5  | Got a coiled marble ring
 86032 | Slime:5  | Identified the ring "Bietuof" {MP+9 Slay+3} (You found it
                  | on level 5 of the Pits of Slime)
 86038 | Slime:5  | Identified the cursed +1 chain mail of Wuogai {rElec Dex+4
                  | Stlth+} (You found it on level 5 of the Pits of Slime)
 86043 | Slime:5  | Got a slimy rune of Zot
 86126 | Slime:5  | Got a transparent lapis lazuli ring
 86129 | Slime:5  | Identified the ring "Ihuhif" {*Slow +Blink +Fly rPois rN++}
                  | (You found it on level 5 of the Pits of Slime)
 86596 | Elf:3    | Entered Level 3 of the Elven Halls
 86597 | Elf:3    | Lost mutation: You are frail. (-10% HP) [potion of
                  | mutation]
 86597 | Elf:3    | Lost mutation: You occasionally shout uncontrollably at
                  | your foes. [potion of mutation]
 86597 | Elf:3    | Lost mutation: Armour fits poorly on your strangely shaped
                  | body. [potion of mutation]
 86597 | Elf:3    | Gained mutation: You are very dopey. (Int -4) [potion of
                  | mutation]
 86597 | Elf:3    | Gained mutation: You evolve. [potion of mutation]
 86681 | Elf:3    | Gained mutation: You have a pair of small horns on your
                  | head. [evolution]
 86741 | Elf:3    | Reached skill level 19 in Armour
 86917 | Elf:3    | Got a smoking scale mail
 86928 | Elf:3    | Identified the +3 scale mail of the Iron City of Dis {rN+}
                  | (You found it on level 3 of the Elven Halls)
 87550 | Elf:3    | Identified the +4 mace of the Open Hand {holy, rF+}
 87592 | Elf:3    | Got a steaming shield
 87601 | Elf:3    | Identified the Papyrus of Assistive Snow
 87612 | Elf:3    | Found the +3 pair of gauntlets of War {Slay+5}
 87620 | Elf:3    | Got a steaming plate armour
 87623 | Elf:3    | Identified the +0 plate armour of Nogor {rPois rN+++ Int-5
                  | Slay-6} (You found it on level 3 of the Elven Halls)
 87629 | Elf:3    | Identified the +4 shield "Cyxtuum" {rPois rF+ Int+4} (You
                  | found it on level 3 of the Elven Halls)
 87743 | Elf:3    | Reached skill level 19 in Fighting
 87759 | Elf:3    | Reached skill level 19 in Shields
 87772 | Elf:3    | Identified the Collected Works on Harmful Creation
 88268 | Depths:5 | Entered Level 5 of the Depths
 88272 | Depths:5 | Reached skill level 22 in Dodging
 89038 | Depths:5 | Reached skill level 20 in Armour
 89265 | Depths:5 | Reached XP level 26. HP: 166/172 MP: 34/34
 89484 | Depths:5 | Reached skill level 15 in Evocations
 89788 | Depths:5 | Found a runed translucent door.
 89788 | Depths:5 | Found a runed translucent door.
 89788 | Depths:5 | Found a runed translucent door.
 89909 | Depths:5 | Found a runed translucent door.
 89919 | Depths:5 | Reached skill level 16 in Evocations
 89938 | Depths:5 | Found a runed translucent door.
 89938 | Depths:5 | Found a runed translucent door.
 89976 | Depths:5 | Found a gate to the Realm of Zot.
 90492 | Zot:1    | Entered Level 1 of the Realm of Zot
 90789 | Zot:1    | Bought a fine hat for 432 gold pieces
 90799 | Zot:1    | Identified the cursed +0 hat of the Cockatrice {*Slow
                  | +Blink rCorr Str+3 Int+8} (You bought it in a shop on level
                  | 1 of the Realm of Zot)
 90812 | Zot:1    | Bought a shimmering crystal plate armour for 4080 gold
                  | pieces
 90814 | Zot:1    | Identified the +13 crystal plate armour of Divine
                  | Compulsion {rCorr Str+4} (You bought it in a shop on level
                  | 1 of the Realm of Zot)
 91034 | Zot:5    | Entered Level 5 of the Realm of Zot
 91050 | Zot:5    | Reached skill level 21 in Armour
 91145 | Zot:5    | Noticed an orb of fire
 91159 | Zot:5    | Gained mutation: You are very weak. (Str -4) [an orb of
                  | fire]
 91161 | Zot:5    | Gained mutation: Your body often deteriorates upon taking
                  | damage. [an orb of fire]
 91165 | Zot:5    | Killed an orb of fire
 91889 | Zot:5    | Noticed an ancient lich
 91911 | Zot:5    | Killed an ancient lich
 91911 | Zot:5    | Reached skill level 22 in Armour
 91916 | Zot:5    | Noticed an ancient lich
 91930 | Zot:5    | Killed an ancient lich
 91945 | Zot:5    | Reached XP level 27. HP: 158/176 MP: 34/36
 92220 | Zot:5    | Noticed an ancient lich
 92228 | Zot:5    | Killed an ancient lich
 92242 | Zot:5    | Cast into level 5 of the Abyss (the power of Zot)
 92242 | Abyss:5  | Entered Level 5 of the Abyss
 92242 | Abyss:5  | Entered Level 5 of the Abyss
 92244 | Abyss:5  | Reached skill level 23 in Armour
 92486 | Abyss:5  | Identified Sif Muna's Incunabulum of Displacement
 92488 | Abyss:5  | Identified the Handbook of Bewitchment
 92509 | Abyss:5  | Identified the Volume of Stones
 92511 | Abyss:5  | Identified Sif Muna's Disquisition on Curses
 92517 | Abyss:5  | Identified the Guide on the Glacial Arsonist
 92519 | Abyss:5  | Identified the Disquisition on Confrontation
 92525 | Abyss:5  | Identified the Compendium of Torrid Conjuration
 92528 | Abyss:5  | Identified the Catalogue of Conjuration
 92550 | Abyss:5  | Identified the Disquisition on Calling
 92866 | Zot:5    | Escaped the Abyss
 92915 | Zot:5    | Noticed an orb of fire
 92957 | Zot:5    | Gained mutation: You tend to lose your temper in combat.
                  | [an orb of fire]
 92968 | Zot:5    | Gained mutation: Your magical capacity is low. (-10% MP)
                  | [an orb of fire]
 92972 | Zot:5    | Killed an orb of fire
 93184 | Zot:5    | Lost mutation: Scrolls take you a little longer to read.
                  | [potion of mutation]
 93184 | Zot:5    | Lost mutation: Your system is resistant to poisons. (rPois)
                  | [potion of mutation]
 93184 | Zot:5    | Gained mutation: Your magical capacity is very low. (-20%
                  | MP) [potion of mutation]
 93184 | Zot:5    | Lost mutation: You are very weak. (Str -4) [potion of
                  | mutation]
 93184 | Zot:5    | Gained mutation: Your flesh is heat resistant. (rF+)
                  | [potion of mutation]
 93185 | Zot:5    | Lost mutation: You have a pair of small horns on your head.
                  | [potion of mutation]
 93185 | Zot:5    | Lost mutation: Your body often deteriorates upon taking
                  | damage. [potion of mutation]
 93185 | Zot:5    | Lost mutation: You are weak. (Str -2) [potion of mutation]
 93185 | Zot:5    | Gained mutation: You expend magic power (3 MP) to
                  | strengthen your wands. [potion of mutation]
 93185 | Zot:5    | Gained mutation: You passively map a small area around you.
                  | [potion of mutation]
 93185 | Zot:5    | Gained mutation: You are partially covered in yellow
                  | scales. (AC +2) [potion of mutation]
 93186 | Zot:5    | Lost mutation: You passively map a small area around you.
                  | [potion of mutation]
 93186 | Zot:5    | Lost mutation: You tend to lose your temper in combat.
                  | [potion of mutation]
 93186 | Zot:5    | Lost mutation: Your body sometimes deteriorates upon taking
                  | damage. [potion of mutation]
 93186 | Zot:5    | Gained mutation: You can translocate small distances at
                  | will. [potion of mutation]
 93186 | Zot:5    | Gained mutation: Your muscles are strong. (Str +2) [potion
                  | of mutation]
 93231 | Zot:5    | Reached skill level 24 in Armour
 93276 | Zot:5    | Noticed an orb of fire
 93291 | Zot:5    | Gained mutation: You are occasionally teleported next to
                  | monsters. [an orb of fire]
 93298 | Zot:5    | Killed an orb of fire
 93512 | Zot:5    | Bought a potion of haste for 380 gold pieces
 93681 | Zot:5    | Got the Orb of Zot
 93773 | Zot:4    | Reached skill level 25 in Armour
 94390 | D:$      | Escaped with the Orb!

Skill      XL: |  1  2  3  4  5  6  7  8  9 10 11 12 13 14 15 16 17 18 19 20 21 22 23 24 25 26 27 |
---------------+----------------------------------------------------------------------------------+-----
Dodging        | 1 2 5 6 8 10 12 14 15 16 17 18 20 21 22 | 22.0
Short Blades   | 1 2 3 4 |  4.4
Long Blades    | 1 3 5 7 10 11 12 13 15 | 15.7
Stealth        | 4 5 |  5.1
Fighting       | 4 5 6 7 8 10 13 14 15 17 18 19 | 19.0
Armour         | 2 4 6 8 9 10 11 13 14 15 18 20 22 25 | 25.1
Evocations     | 3 6 10 12 14 16 | 16.0
Shields        | 4 8 11 13 15 17 18 19 | 19.0
Spellcasting   | 2 |  2.0
Hexes          | 2 |  2.0
Staves         | |  2.1
Throwing       | |  1.0

Action                   |  1- 3 |  4- 6 |  7- 9 | 10-12 | 13-15 | 16-18 | 19-21 | 22-24 | 25-27 || total
-------------------------+-------+-------+-------+-------+-------+-------+-------+-------+-------++-------
Melee: Quarterstaff      |    13 |       |       |       |       |       |       |       |       ||    13
       Peck              |    16 |    28 |    77 |   197 |   506 |   382 |   561 |   613 |   374 ||  2754
       Kick              |    19 |    53 |   121 |   306 |   836 |   602 |   915 |   921 |   572 ||  4345
       Dagger            |    77 |   204 |    10 |     1 |    42 |     3 |       |       |       ||   337
       Unarmed           |       |     2 |       |       |       |       |       |       |       ||     2
       Falchion          |       |       |   191 |       |   497 |       |       |       |       ||   688
       Long sword        |       |       |   145 |   746 |  1527 |   690 |       |       |       ||  3108
       Short sword       |       |       |     4 |       |       |       |       |       |       ||     4
       Scimitar          |       |       |       |       |       |   695 |  1135 |       |       ||  1830
       Double sword      |       |       |       |       |       |       |   959 |  1986 |  1099 ||  4044
       Headbutt          |       |       |       |       |       |       |       |       |   280 ||   280
 Fire: Hunting sling     |     4 |     4 |     9 |     4 |       |       |       |       |       ||    21
       Blowgun           |       |       |     6 |     3 |       |       |       |       |       ||     9
Throw: Javelin           |       |       |       |     2 |     4 |    10 |       |       |       ||    16
       Throwing net      |       |       |       |       |       |       |       |       |     1 ||     1
 Cast: Confusing Touch   |       |       |       |       |     2 |       |       |       |       ||     2
       Corona            |       |       |       |       |       |    14 |     7 |       |       ||    21
       Blink             |       |       |       |       |       |     1 |       |       |       ||     1
Invok: Potion Petition   |       |       |       |     1 |     1 |     1 |       |     1 |     3 ||     7
       Call Merchant     |       |       |       |       |     1 |     2 |       |     2 |     3 ||     8
 Abil: Fly               |       |     1 |       |     1 |     1 |     1 |       |     1 |       ||     5
       Stop Flying       |       |       |       |     1 |     1 |     1 |       |     1 |       ||     4
Evoke: Wand              |       |     2 |     9 |    27 |    11 |    18 |     4 |    17 |    28 ||   116
       Phantom mirror    |       |       |       |     1 |       |     1 |       |       |       ||     2
       Lamp of fire      |       |       |       |       |       |     4 |     4 |     8 |     3 ||    19
       Box of beasts     |       |       |       |       |       |       |       |       |     2 ||     2
       Lightning rod     |       |       |       |       |       |       |       |       |     4 ||     4
  Use: Scroll            |     1 |     6 |     5 |     9 |     9 |     6 |    11 |     8 |    22 ||    77
       Potion            |       |     1 |       |     5 |     2 |    14 |     2 |     4 |    20 ||    48
 Stab: Sleeping          |     2 |     5 |    10 |     6 |    19 |     4 |     6 |     3 |     1 ||    56
       Distracted        |       |       |     1 |     8 |    19 |    18 |    14 |    19 |    16 ||    95
       Confused          |       |       |       |     2 |     2 |       |       |       |       ||     4
       Paralysed         |       |       |       |       |       |     4 |     6 |       |       ||    10
       Petrified         |       |       |       |       |       |       |       |     4 |       ||     4
       Held in net/web   |       |       |       |       |       |       |       |       |     1 ||     1
  Eat: Chunk             |     3 |     3 |       |       |       |       |       |       |       ||     6
       Ration            |       |     2 |     6 |     8 |    21 |    13 |    16 |    15 |     9 ||    90
Armor: Robe              |     5 |       |       |     4 |       |       |       |       |       ||     9
       Leather armour    |     1 |    22 |     7 |       |       |       |       |       |       ||    30
       Skin              |       |     4 |       |       |       |       |       |       |       ||     4
       Ring mail         |       |       |    18 |    41 |   174 |   211 |    96 |    99 |       ||   639
       Chain mail        |       |       |       |       |       |       |   215 |       |       ||   215
       Plate armour      |       |       |       |       |       |       |       |   214 |    91 ||   305
       Crystal plate arm |       |       |       |       |       |       |       |       |   101 ||   101
Dodge: Dodged            |    50 |   121 |   269 |   528 |  1326 |  1243 |  1238 |   773 |   569 ||  6117
Block: Shield            |       |       |       |    11 |   974 |   747 |   822 |       |   589 ||  3143
       Reflection        |       |       |       |       |    32 |    11 |    41 |       |       ||    84
       Large shield      |       |       |       |       |       |       |   393 |  1357 |    78 ||  1828
       Rpst.: Falchion   |       |       |    50 |       |    61 |       |       |       |       ||   111
       Long sword        |       |       |    33 |   141 |   229 |   113 |       |       |       ||   516
       Scimitar          |       |       |       |       |       |   105 |   119 |       |       ||   224
       Double sword      |       |       |       |       |       |       |    92 |   129 |    93 ||   314

Levels and vault maps discovered:
D:1:      dpeg_arrival_fog, layout_basic
D:2:      layout_basic, kennysheep_slug_shrine, nicolae_gozag_zags_fifth_avenue
D:3:      layout_rooms, tso_altar, marbit_many_paths, portal_sewer_entry_b,
          gammafunk_ghost_cemetery, uniq_sigmund, uniq_robin, uniq_ijyb
D:4:      layout_basic, ebering_ghost_inner_flame, first_ration
D:5:      layout_rooms, bloody_trog
D:6:      layout_basic, lemuel_round_altar, minmay_temple_entry_slanted,
          dk_noncrumbling_2, lemuel_statue_altar
D:7:      layout_basic
D:8:      layout_loops_ring, st_stairs_11
D:9:      layout_layer_cave, lemuel_crystal_altar,
          chequers_temple_overflow_statue_of_worship, serial_shops, shop,
          david_nohive_1, chequers_serial_rivers_small_3
D:10:     layout_roguey, david_orc_3, nrook_guardian_serpent_double,
          uniq_fannar, uniq_urug
D:11:     lemuel_ogre_cave, layout_loops_ring, dpeg_oklobed_lair, serial_shops,
          shop, uniq_gastronok
D:12:     layout_loops_ring, gammafunk_ghost_berserking_beasts
D:13:     layout_irregular_city, david_vaults_4
D:14:     layout_long_grid, nicolae_sextant, minmay_misc_feat_tower, ice2_lemuel
D:15:     hangedman_slaughterboxes, serial_shops
Lair:1:   layout_hall_layers, portal_ice_cave_entry_imps, beast_lair_carwin_10,
          lemuel_fruit_fields, uniq_harold
Lair:2:   layout_regular_city, serial_bayou, serial_bayou_lagoon_a,
          serial_bayou_pond_a, serial_bayou_pond_d, serial_bayou_pond_e,
          serial_bayou_ford_a, gammafunk_ghost_split
Lair:3:   layout_concentric_octagons, nicolae_swamp_entry_splash_gauntlet,
          serial_forest, infiniplex_forest_straight_3,
          infiniplex_forest_straight_2, infiniplex_forest_lined_ring,
          infiniplex_forest_clump_long, infiniplex_forest_clump_medium,
          infiniplex_forest_pool, infiniplex_forest_straight_3, pond
Lair:4:   layout_gridlike, spider_nest_entry_rubble, grunt_megastairs_5
Lair:5:   cheibrodos_lair_overgrown_chateau, layout_long_grid,
          infiniplex_staircase_pool_2
Lair:6:   hangedman_lair_tendril_chambers, layout_regular_city, slime_altar_1,
          grunt_megastairs_2
Swamp:1:  layout_basic_swamp, evilmike_swamp_ruin_house_2,
          infiniplex_staircase_pool, uniq_louise, uniq_frances, uniq_jorgrun
Swamp:2:  layout_basic_swamp, evilmike_swamp_ruin_house_3, uniq_nikola,
          uniq_aizul
Swamp:3:  layout_basic_swamp, evilmike_swamp_ruin_rubble_1, swamp_pool1
Swamp:4:  swamp_old_school, layout_basic_swamp, swamp_pool4
Spider:1: nicolae_spider_hall_of_the_moth_king
Spider:2: layout_chambers
Spider:3: nicolae_spider_mines_3, uniq_azrael
Spider:4: spider_rune_water, drop_trap, nicolae_spider_nook, uniq_arachne
Slime:1:  layout_caves
Slime:2:  layout_caves
Slime:3:  layout_caves
Slime:4:  layout_caves, cheibrodos_slime_lost_civilization_7
Slime:5
Orc:1:    layout_caves, enter_bailey_3
Orc:2:    kennysheep_orc_mage_school, layout_diamond_mine
Elf:1:    elf_arrival_002, layout_onion_city, minivault_28
Elf:2:    layout_loops_ring, uniq_donald
Elf:3:    elf_hall, layout_geoelf_grid, ebering_dispersal_statue_hall
Vaults:1: dpeg_vaults_monster_box, nicolae_vaults_big_ls,
          nicolae_vaults_octagons, v_misc_10, v_alt_pattern_5,
          vaults_dpeg_cross, vaults_room_hallway, layout_vaults_omnigrid
Vaults:2: advil_vaults_ghost_lines, v_misc_11,
          nicolae_vaults_lopsided_apartments, nicolae_vaults_ring_of_whatevers,
          vaults_dpeg_ring, v_misc_16, hangedman_vaults_unwind,
          nicolae_vaults_big_angled_halls, vaults_mumra_hexcomb,
          ontoclasm_vaults_idyll, vaults_mumra_lcd, v_misc_29,
          minmay_crypt_entry_simple_walls, v_alt_pattern_2,
          nicolae_vaults_yaktaur_gun_rack, layout_vaults_ring, uniq_bai_suzhen,
          uniq_asterion
Vaults:3: nicolae_vaults_little_squares_6, v_misc_4,
          hangedman_vaults_variations, vaults_room_fours, hangedman_vaults_trim,
          vaults_mumra_chevron_long, nicolae_vaults_border_crossing, v_misc_4,
          v_misc_8, nicolae_vaults_angled_halls, layout_vaults_omnicross
Vaults:4: v_misc_13, vaults_mumra_minichess_inversion, v_alt_pattern_4,
          nicolae_vaults_alarming, nicolae_vaults_stairing_the_circle,
          nicolae_vaults_network_square, vaults_dpeg_encased_lava,
          nicolae_vaults_circle_grid_b, ontoclasm_vaults_misaligned,
          grunt_vaults_funnel, nicolae_vaults_mini_display_case,
          vaults_room_hangedman_quadrants, layout_vaults_big_room
Depths:1: minmay_the_grid_octo_tiled_squarecenter_mashed
          [minmay_the_grid_octo_clover_2, minmay_the_grid_octo_thin_diamonds,
          minmay_the_grid_octo_teeth, minmay_the_grid_octo_fat_diamond,
          minmay_the_grid_square_5x5_megaprize_diamond,
          minmay_the_grid_square_5x5_misaligned,
          minmay_the_grid_square_5x5_beaten_path, minmay_the_grid_square_5x5_c,
          minmay_the_grid_square_5x5_plus], layout_small_grid, hell_entry,
          serial_shops, nicolae_shop_crystal, nicolae_shop_statue_plus, shop,
          nicolae_shop_statue_plus, nicolae_shop_stone,
          chequers_serial_rivers_marsh
Depths:2: minmay_glassy_protrusions, layout_cave_shapes, hellmouth_3,
          hangedman_decor_riveting, hangedman_abyss_entry_splay, st_stairs_6,
          grunt_decor_resistance
Depths:3: minmay_expanding_circles, layout_basic, enter_ziggurat_e,
          gammafunk_ghost_icy, rand_demon_pan_entry_9, nicolae_benzene_ring,
          hell_entry, nicolae_water_bricks, guppyfry_shop_earth,
          infiniplex_staircase_door_maze
Depths:4: evilmike_diamond_2, layout_basic, abyss_entry,
          minmay_staircase_bubble, grunt_hell_entry_dis_grunt, uniq_boris
Depths:5: evilmike_zot_entry_castle, layout_basic, abandoned_shop, hell_entry,
          st_stairs_3, minmay_metal_thing
Zot:1:    layout_gridlike, hangedman_player_shredder
Zot:2:    layout_basic
Zot:3:    layout_basic, lemuel_baited_zot_trap
Zot:4:    layout_concentric_octagons
Zot:5:    layout_misc_corridors, grunt_ministairs_6
Abyss:5:  evilmike_abyss_exit_plants, hangedman_abyss_or_decor_lesser_grid,
          hangedman_abyss_or_decor_jellyfish_corner, lemuel_flamethrower_3,
          minivault_13, evilmike_nicolae_abyss_rune_containment_curve,
          abyss_exit_lava
Sewer:    kennysheep_pipe_town
Bailey:   bailey_axe_4, bailey
IceCv:    ice_cave_small_demon

Table legend:
 A = Turns spent in this place as a percentage of turns spent in the entire game.
 B = Non-inter-level travel turns spent in this place as a percentage of non-inter-level travel turns spent in the entire game.
 C = Inter-level travel turns spent in this place as a percentage of turns spent in this place.
 D = Turns resting spent in this place as a percentage of non-inter-level travel turns spent in this place.
 E = Turns spent auto-exploring this place as a percentage of non-inter-level travel turns spent in this place.
 F = Non-inter-level travel turns spent in this place divided by the number of levels of this place that you've seen.
                   A       B       C       D       E      F
               +-------+-------+-------+-------+-------+----------------------
         Total | 100.0 | 100.0 |   8.4 |  31.0 |  33.8 | 1516.7
       Dungeon |  30.2 |  28.4 |  13.8 |  30.6 |  34.0 | 1639.1
          Lair |  11.9 |  11.9 |   8.5 |  33.9 |  41.5 | 1709.0
         Swamp |   7.4 |   7.8 |   2.6 |  54.0 |  13.7 | 1696.2
   Spider Nest |   8.0 |   8.5 |   2.6 |  19.0 |  50.3 | 1830.8
    Slime Pits |   2.8 |   2.9 |   2.7 |  57.8 |   0.0 | 506.0
  Orcish Mines |   5.9 |   5.5 |  14.9 |  36.8 |  31.8 | 2360.5
   Elven Halls |   5.3 |   5.4 |   7.1 |  21.6 |  41.0 | 1544.3
        Vaults |  10.5 |  10.7 |   6.9 |  16.4 |  45.7 | 2302.0
        Depths |  11.3 |  11.6 |   6.6 |  23.9 |  39.8 | 2000.2
           Zot |   2.9 |   3.2 |   0.4 |  35.2 |  12.7 | 545.6
         Abyss |   0.7 |   0.7 |   0.0 |   0.8 |   0.0 | 624.0
         Sewer |   0.9 |   0.9 |   0.0 |  42.4 |   0.2 | 807.0
        Bailey |   0.4 |   0.5 |   0.0 |   0.0 |  24.4 | 394.0
      Ice Cave |   2.0 |   2.1 |   0.0 |  74.2 |   0.0 | 1857.0
               +-------+-------+-------+-------+-------+----------------------

Table legend:
 A = Kills in this place as a percentage of kills in entire the game.
 B = Kills by you in this place as a percentage of kills by you in the entire game.
 C = Kills by friends in this place as a percentage of kills by friends in the entire game.
 D = Other kills in this place as a percentage of other kills in the entire game.
 E = Experience gained in this place as a percentage of experience gained in the entire game.
 F = Experience gained in this place divided by the number of levels of this place that you have seen.
                   A       B       C       D       E      F
               +-------+-------+-------+-------+-------+----------------------
         Total | 100.0 | 100.0 | 100.0 | 100.0 | 100.0 | 23308.7
       Dungeon |  24.3 |  24.6 |   0.0 |   9.8 |   8.7 | 7689.1
          Lair |   9.1 |   9.2 |   0.0 |   0.0 |   3.9 | 8738.3
         Swamp |   5.8 |   5.7 |  50.0 |   4.9 |   5.3 | 17641.2
   Spider Nest |   9.5 |   9.6 |   0.0 |   2.4 |   6.8 | 22570.5
    Slime Pits |   3.3 |   3.3 |   0.0 |   0.0 |   4.8 | 12796.0
  Orcish Mines |   4.7 |   4.8 |   0.0 |   0.0 |   1.5 | 9943.5
   Elven Halls |   6.2 |   5.3 |   0.0 |  58.5 |   9.1 | 40404.0
        Vaults |  13.0 |  13.0 |   0.0 |   9.8 |  15.4 | 51227.2
        Depths |  15.6 |  15.8 |  25.0 |   4.9 |  27.4 | 72811.0
           Zot |   3.0 |   3.0 |  25.0 |   0.0 |  14.2 | 37831.4
         Abyss |   2.7 |   2.8 |   0.0 |   0.0 |   2.4 | 31925.0
         Sewer |   0.9 |   0.9 |   0.0 |   0.0 |   0.0 | 239.0
        Bailey |   1.2 |   1.0 |   0.0 |   9.8 |   0.0 | 587.0
      Ice Cave |   0.9 |   1.0 |   0.0 |   0.0 |   0.3 | 4030.0
               +-------+-------+-------+-------+-------+----------------------
